 Dungeon Crawl Stone Soup version 0.22-a0-389-g8519d86 (webtiles) character file.

126 Kairos the Conjurer (level 4, -2/36 HPs)
             Began as a Deep Elf Conjurer on Apr 30, 2018.
             Killed from afar by Blork the orc (9 damage)
             ... with a puff of flame
             ... on level 4 of the Dungeon.
             The game lasted 00:09:43 (3035 turns).

Kairos the Conjurer (Deep Elf Conjurer)             Turns: 3035, Time: 00:09:43

Health: -2/36      AC:  4    Str: 10    XL:     4   Next: 84%
Magic:  3/12       EV: 16    Int: 21    God:
Gold:   124        SH:  0    Dex: 15    Spells: 1/11 levels left

rFire    . . .     SeeInvis .   r - +0 quarterstaff
rCold    . . .     Gourm    .   (shield currently unavailable)
rNeg     . . .     Faith    .   l - +0 leather armour
rPois    .         Spirit   .   (no helmet)
rElec    .         Reflect  .   (no cloak)
rCorr    .         Harm     .   (no gloves)
MR       .....                  k - +0 pair of boots
Stlth    ..........             m - amulet of rage
HPRegen  0.12/turn              n - +4 ring of evasion
MPRegen  0.13/turn              e - ring of wizardry

@: berserking, very quick
A: no striking features
a: Evoke Berserk Rage


You were on level 4 of the Dungeon.
You were very hungry.

You visited 1 branch of the dungeon, and saw 4 of its levels.

You collected 124 gold pieces.

Inventory:

Hand Weapons
 b - a +0 dagger
 d - a +0 whip
 r - a +0 quarterstaff (weapon)
Armour
 a - a +0 robe
 k - a +0 pair of boots (worn)
 l - a +0 leather armour (worn)
Jewellery
 e - a ring of wizardry (right hand)
 m - an amulet of rage (around neck)
 n - a +4 ring of evasion (left hand)
 s - an uncursed ring of stealth
Scrolls
 f - 2 scrolls of fear {unknown}
 g - 3 scrolls of remove curse {unknown}
 h - 4 scrolls of identify {unknown}
 o - 4 scrolls of teleportation {unknown}
Potions
 i - a potion of berserk rage {unknown}
 j - 2 potions of curing {unknown}
 p - a potion of mutation {unknown}
 q - a potion of degeneration {unknown}
Comestibles
 c - 6 rations


   Skills:
 + Level 0.3 Staves
 + Level 0.5 Armour
 + Level 2.6 Dodging
 + Level 2.8 Stealth
 + Level 4.2 Spellcasting
 + Level 5.9 Conjurations


You had one spell level left.
You knew the following spells:

 Your Spells              Type           Power        Failure   Level  Hunger
a - Magic Dart            Conj           ####         1%          1    None
b - Searing Ray           Conj           ####..       1%          2    #......
c - Dazzling Spray        Conj/Hex       ###...       6%          3    ###....
d - Iskenderun's Mystic   Conj           ####....     6%          4    ####...


Dungeon Overview and Level Annotations

Branches:
Dungeon (4/15)
 Temple: D:4-7

Altars:
Ru

Annotations:
D:4 Blork the orc


Message History

< or
s - a ring of stealth; > or
e - a ring of wizardry You remove your ring of stealth.
n - a +4 ring of evasion (left hand)
A red film seems to cover your vision as you go berserk!
You feel yourself moving faster!
You feel mighty!
You are feeling very hungry.
You closely miss Blork the orc.
Blork the orc is heavily wounded.
You sock Blork the orc!
Blork the orc is severely wounded.
Blork the orc barely misses you.
You sock Blork the orc!
Blork the orc is almost dead.
Blork the orc zaps a wand.
The puff of flame hits you!
* * * LOW HITPOINT WARNING * * *
You barely miss Blork the orc.
Blork the orc is almost dead.
Blork the orc points at you and mumbles some strange words.
The puff of flame hits you!
You die...

. # ######....
#. #.<.†.....
#.##.####....
#....#.......
####..#.......
#.............
#o##..#..#....
#@##.......# [
#.##.......#
#.#####...?..
#.. ..####.
### #=.. ###


You could see Blork the orc.

Vanquished Creatures
  The ghost of Dargar the Slasher, a weakling DsGl (D:3)
  A gnoll (D:1)
  An adder (D:3)
  An ooze (D:1)
  2 worms
  2 dart slugs (D:1)
  2 leopard geckos
  2 orcs (D:3)
  6 bats
  6 giant cockroaches
  7 goblins
  2 hobgoblins
  4 kobolds
  5 frilled lizards
  5 rats
47 creatures vanquished.

Notes
Turn   | Place    | Note
-------+----------+-------------------------------------------
     0 | D:1      | Kairos the Deep Elf Conjurer began the quest for the Orb.
     0 | D:1      | Reached XP level 1. HP: 10/10 MP: 6/6
    98 | D:1      | Reached XP level 2. HP: 7/15 MP: 5/8
   138 | D:1      | Reached skill level 5 in Conjurations
   453 | D:1      | Learned a level 2 spell: Searing Ray
   517 | D:1      | Reached XP level 3. HP: 19/19 MP: 2/9
  2210 | D:3      | Noticed a scorpion
  2261 | D:3      | Found a sacrificial altar of Ru.
  2562 | D:3      | Reached XP level 4. HP: 23/24 MP: 5/11
  2632 | D:3      | Noticed Dargar's ghost (weakling DsGl)
  2655 | D:3      | Learned a level 3 spell: Dazzling Spray
  2660 | D:3      | Learned a level 4 spell: Iskenderun's Mystic Blast
  2678 | D:3      | Killed Dargar's ghost
  2974 | D:4      | Noticed Blork the orc
  3035 | D:4      | Killed from afar by Blork the orc

Vault maps used:
D:1:      eino_arrival_druids_welcome, minmay_pentomino_w4
D:3:      lemuel_doored_altar, kennysheep_nondescript
D:4:      lemuel_crystal_altar, uniq_sigmund, uniq_natasha,
          uniq_crazy_yiuf_cottage, uniq_blork_the_orc

Skill      XL: |  1  2  3  4 |
---------------+-------------+-----
Conjurations   | 5 |  5.9
Spellcasting   | 4 |  4.2
Staves         | |  0.3
Armour         | |  0.5
Dodging        | |  2.6
Stealth        | |  2.8

Action                   |  1- 3 |  4- 6 || total
-------------------------+-------+-------++-------
Melee: Quarterstaff      |    17 |     7 ||    24
 Cast: Magic Dart        |    83 |    23 ||   106
       Iskenderun's Myst |       |     2 ||     2
 Abil: Evoke Berserk Rag |       |     1 ||     1
  Eat: Chunk             |     4 |     2 ||     6
Armor: Robe              |     1 |       ||     1
       Leather armour    |     6 |       ||     6
Dodge: Dodged            |    25 |     4 ||    29

Table legend:
 A = Spawn XP
 B = Non-spawn XP
 C = Spawn XP percentage of total XP
 D = Spawn monster count
 E = Non-spawn monster count
 F = Spawn count percentage of total count
 G = Total turns spent on level
                    A         B        C        D         E        F      G
               +---------+---------+-------+---------+---------+-------+---------
         Total |       0 |     181 |   0.0 |       0 |      47 |   0.0 |  3035
               +---------+---------+-------+---------+---------+-------+---------
           D:1 |       0 |      47 |   0.0 |       0 |      14 |   0.0 |  1346
           D:2 |       0 |      24 |   0.0 |       0 |      15 |   0.0 |   858
           D:3 |       0 |     101 |   0.0 |       0 |      16 |   0.0 |   765
           D:4 |       0 |       9 |   0.0 |       0 |       2 |   0.0 |    66
               +---------+---------+-------+---------+---------+-------+---------
